 Dungeon Crawl Stone Soup version 0.27-a0-931-g5a74e75d8f (webtiles) character file.

Game seed: 13399940121669842372

10 Alarkh the Insei (level 2, 4/22 HPs)
             Began as a Demonspawn Gladiator on Apr 10, 2021.
             Quit the game on level 2 of the Dungeon.
             The game lasted 00:00:33 (101 turns).

Alarkh the Insei (Demonspawn Gladiator)              Turns: 101, Time: 00:00:33

Health: 4/22       AC:  4    Str: 14    XL:     2   Next: 10%
Magic:  2/2        EV: 12    Int:  9    God:
Gold:   0          SH:  4    Dex: 14    Spells: 1/1 levels left

rFire    . . .     SeeInvis .     - Unarmed
rCold    . . .     Faith    .   (no shield)
rNeg     . . .     Spirit   .   a - +0 leather armour
rPois    .         Reflect  .   b - +0 helmet
rElec    .         Harm     .   (no cloak)
rCorr    .         Rampage  .   (no gloves)
Will     .....                  (no boots)
Stlth    +.........             (no amulet)
HPRegen  0.07/turn              (no ring)
MPRegen  0.08/turn              (no ring)

@: no status effects
A: condensation shield
a: no special abilities


You were on level 2 of the Dungeon.
You visited 1 branch of the dungeon, and saw 2 of its levels.

Inventory:

Missiles
 c - a throwing net (quivered)
Armour
 a - a +0 leather armour (worn)
 b - a +0 helmet (worn)
Scrolls
 d - a scroll of teleportation {unknown}
Potions
 e - a potion of curing {unknown}


   Skills:
 + Level 2.2 Fighting
 - Level 1.7 Throwing
 - Level 2.6 Dodging
 * Level 3.1 Unarmed Combat


You had one spell level left.
You didn't know any spells.
Your spell library was empty.

Dungeon Overview and Level Annotations

Branches:
Dungeon (1/15)

Altars:


Innate Abilities, Weirdness & Mutations

A meltable shield of frost defends you. (SH +4)


Message History

* * * LOW HITPOINT WARNING * * *
The jackal barely misses you.
You hit the jackal but do no damage.
The jackal is almost dead.
The jackal barely misses you.
You hit the jackal.
You kill the jackal!
The bat hits you but does no damage.
You have reached level 2!
Your demonic ancestry asserts itself...
Frost condenses into a shield before you.
You block the bat's attack.
The goblin unwields a +0 hunting sling.
The goblin wields a +0 dagger.
You block the goblin's attack.
Things that are here:
a jackal corpse; a hobgoblin corpse You hit the goblin.
You kill the goblin!
The bat misses you. You block the bat's attack.
Things that are here:
a +0 dagger; a +0 hunting sling; 25 stones You block the bat's attack.
You hit the bat.
The bat is moderately wounded.
You block the bat's attack.
You closely miss the bat.
The bat is moderately wounded.
The bat hits you but does no damage. The bat hits you.
* * * LOW HITPOINT WARNING * * *
You closely miss the bat.
The bat is moderately wounded.
The bat barely misses you.
You hit the bat.
The bat is moderately wounded.
You block the bat's attack. The bat hits you but does no damage.
You hit the bat.
You kill the bat!
Unknown command.
Are you sure you want to abandon this character and quit the game? (Confirm with "yes".)

........####.....#
........####.....#
............#.....#
............#.....#
.#..........#.....#
.>.........†.##
##........)#..#
#.........#..###.#.
#.........†@.......
#........###....###
#.......#...#..#...
#.......#.⌠.#..# ⌠.
##...##.#...#≈≈# .
#...##.≈###≈≈≈≈
#...# ..≈≈ ≈≈ ≈≈
....# ..≈≈≈ ≈≈≈
...### ≈###


There were no monsters in sight!

Vanquished Creatures
  A worm (D:2)
  A bat (D:2)
  A hobgoblin (D:2)
  2 jackals (D:2)
  A ball python (D:2)
  A goblin (D:2)
7 creatures vanquished.

Notes
Turn   | Place    | Note
-------+----------+-------------------------------------------
     0 | D:1      | Alarkh the Demonspawn Gladiator began the quest for the
                  | Orb.
     0 | D:1      | Reached XP level 1. HP: 16/16 MP: 1/1
    35 | D:1      | You fall into a shaft and drop 1 floor!
    36 | D:2      | Found a faded altar of an unknown god.
    81 | D:2      | Reached skill level 3 in Unarmed Combat
    90 | D:2      | Gained mutation: A meltable shield of frost defends you.
                  | (SH +4) [demonic ancestry]
    90 | D:2      | Reached XP level 2. HP: 4/22 MP: 2/2
   101 | D:2      | Quit the game

Illustrated notes

Levels and vault maps discovered:
D:1:      dpeg_arrival_concentric_ovals, layout_basic, serial_shops, shop,
          dk_noncrumbling_2, minmay_shallow_snake_nest
D:2:      layout_basic, ebering_ecumenical_altar_webs, serial_shops,
          shop_fountains, fountainhead

Skill      XL: |  1 |
---------------+----+-----
Unarmed Combat | 3 |  3.1
Fighting       | |  2.2
Throwing       | |  1.7
Dodging        | |  2.6

Action                   || total
-------------------------++-------
Melee: Unarmed           ||    36
Throw: Throwing net      ||     2
Armor: Leather armour    ||     7
Dodge: Dodged            ||    17
Block: Other             ||     6

Table legend: (Time is in decaauts)
 A = Elapsed time spent in this place.
 B = Non-inter-level travel time spent in this place.
 C = Inter-level travel time spent in this place.
 D = Time resting spent in this place.
 E = Time spent auto-exploring this place.
 F = Levels seen in this place.
 G = Mean time per level.
                   A        B        C        D        E       F      G
               +--------+--------+--------+--------+--------+-----+--------+
         Total |     98 |     98 |      0 |      0 |     42 |   2 |   49.0 |
       Dungeon |     98 |     98 |      0 |      0 |     42 |   2 |   49.0 |
               +--------+--------+--------+--------+--------+-----+--------+

Top non-repeatable levels by time:
     D:2: 63 daAuts
     D:1: 35 daAuts
